 Dungeon Crawl Stone Soup version 0.28.0-49-g6dfe1f597d (webtiles) character file.

Game seed: 5073888118558334494

43 Jerry the Shield-Bearer (level 3, 0/20 HPs)
             Began as a Vine Stalker Fighter on May 18, 2022.
             Killed from afar by Sigmund (6 damage)
             ... with a puff of flame
             ... on level 2 of the Dungeon.
             The game lasted 00:02:41 (1400 turns).

Jerry the Shield-Bearer (Vine Stalker Fighter)      Turns: 1400, Time: 00:02:41

Health: 0/20       AC:  7    Str: 15 (18) XL:     3   Next: 58%
Magic:  0/4        EV:  8    Int:  6 (8)  God:
Gold:   52         SH:  5    Dex: 14 (15) Spells: 2/2 levels left

rFire   . . .      SeeInvis .   a - +1 long sword
rCold   . . .      Faith    .   c - +0 buckler
rNeg    . . .      Spirit   +   b - +0 scale mail
rPois   .          Reflect  .   (no helmet)
rElec   .          Harm     .   (no cloak)
rCorr   .          Rampage  .   (no gloves)
Will    .....                   k - +0 pair of boots
Stlth   ..........              (no amulet)
HPRegen 0.06/turn               (no ring)
MPRegen 0.09/turn               (no ring)

@: mighty, brilliant
A: fangs 2, magic shield, antimagic bite, no potion heal 2
a: no special abilities


You were on level 2 of the Dungeon.
You visited 1 branch of the dungeon, and saw 2 of its levels.

You collected 52 gold pieces.

Inventory:

Hand Weapons
 a - a +1 long sword (weapon)
Armour
 b - a +0 scale mail (worn)
 c - a +0 buckler (worn)
 k - a +0 pair of boots (worn)
Scrolls
 g - 2 scrolls of teleportation {unknown}
 i - a scroll of noise {unknown}


   Skills:
 + Level 3.0 Fighting
 + Level 2.3 Long Blades
 + Level 2.7 Armour
 + Level 3.1 Shields


You had 2 spell levels left.
You didn't know any spells.
Your spell library was empty.

Dungeon Overview and Level Annotations

Branches:
Dungeon (2/15)

Altars:

Shops:
D:2 [

Annotations:
D:2 Sigmund


Innate Abilities, Weirdness & Mutations

You have extremely sharp teeth.
When hurt, damage is shared between your health and your magic reserves.
Your bite disrupts and absorbs the magic of your enemies.
Potions cannot restore your health.


Message History

You feel very mighty all of a sudden. Sigmund casts a spell at you.
You are confused.
You bump into the rock wall.
Sigmund hits you from afar with a +0 antimagic scythe.
There is an open door here.
You bump into the rock wall.
Sigmund completely misses you.
You miss Sigmund. Sigmund barely misses you.
Sigmund zaps a wand.
You resist with some effort.
You bump into the rock wall.
You feel less confused.
Sigmund points at you and mumbles some strange words.
You are confused.
You bump into the rock wall.
Sigmund hits you from afar with a +0 antimagic scythe.
You feel your power leaking away.
You bump into the rock wall.
Sigmund points at you and mumbles some strange words.
The magic dart hits you.
You bump into the rock wall.
Sigmund zaps a wand.
You resist with some effort.
You bump into the rock wall.
You feel less confused.
Sigmund zaps a wand.
You resist with some effort.
It was a potion of degeneration.
There was something very wrong with that liquid.
You feel weakened.
You feel dopey.
You feel clumsy.
Sigmund breathes a few words.
Sigmund's hands start flickering wildly.
Okay, then.
It was a potion of brilliance.
You feel clever all of a sudden.
Sigmund hits you from afar with a +0 antimagic scythe.
* * * LOW HITPOINT WARNING * * *
You feel your power leaking away.
It was a potion of curing.
That felt strangely inert.
Sigmund whispers, "You'll know eternity soon."
Sigmund points at you and mumbles some strange words.
The puff of flame hits you.
You die...

####### .......
## .......
#######. .......
#.......
.......#########
#.#####.
.......'@.@....#
#.......
.......#######.#
#.....#. .......
#.# #.......
....... #.#
#......# .......
#.# #.......
####+#.
#.#####.......
#.
#.#.......##.#
#.
#.#.####.....#
#.#.# #.#####


You could see Sigmund.

Vanquished Creatures
  A dart slug (D:1)
  2 endoplasms (D:1)
  2 giant cockroaches
  5 goblins
  4 hobgoblins (D:1)
  3 jackals (D:2)
  A quokka (D:1)
  2 ball pythons (D:1)
  5 bats
  5 frilled lizards (D:1)
  3 kobolds
  7 rats (D:1)
40 creatures vanquished.

Notes
Turn   | Place    | Note
-------+----------+-------------------------------------------
     0 | D:1      | Jerry the Vine Stalker Fighter began the quest for the Orb.
     0 | D:1      | Reached XP level 1. HP: 11/11 MP: 2/2
   114 | D:1      | Reached XP level 2. HP: 16/16 MP: 3/3
   418 | D:1      | Reached XP level 3. HP: 14/20 MP: 4/4
  1008 | D:2      | Found Haell's Antique Armour Shoppe.
  1317 | D:2      | Found a faded altar of an unknown god.
  1384 | D:2      | Noticed Sigmund
  1400 | D:2      | Killed from afar by Sigmund

Illustrated notes

Levels and vault maps discovered:
D:1:      dpeg_arrival_morbid_curiosity, layout_loops_cross, st_stairs_6
D:2:      layout_basic, dreamdust_ecumenical_altar_angels_and_demons,
          serial_shops, shop, uniq_sigmund

Skill      XL: |  1  2 |
---------------+-------+-----
Long Blades    | 2 |  2.3
Fighting       | 3 |  3.0
Shields        | 3 |  3.1
Armour         | |  2.7

Action                   || total
-------------------------++-------
Melee: Long sword        ||   101
       Bite              ||    19
  Use: Potion            ||     4
       Scroll            ||     1
Armor: Scale mail        ||    67
Dodge: Dodged            ||    47
Block: Buckler           ||    23
